 Dungeon Crawl Stone Soup version 0.22.1-2-g9c5b331383 (webtiles) character file.

20598 Jerry the Grappler (level 12, -6/119 HPs)
             Began as a Troll Monk on Nov 27, 2018.
             Killed from afar by an acid blob (12 damage)
             ... with a splash of acid
             ... on level 5 of the Lair of Beasts.
             The game lasted 00:47:51 (12647 turns).

Jerry the Grappler (Troll Monk)                    Turns: 12647, Time: 00:47:52

Health: -6/119     AC:  6    Str: 22    XL:     12   Next: 46%
Magic:  11/11      EV: 14    Int:  7    God:
Gold:   560        SH:  0    Dex: 15    Spells: 11/11 levels left

rFire    . . .     SeeInvis .     - Unarmed
rCold    . . .     Gourm    +   (no shield)
rNeg     . . .     Faith    .   L - +2 robe "Zan Wavu" {rPois Regen+}
rPois    +         Spirit   .   (helmet restricted)
rElec    .         Reflect  .   D - +2 cloak
rCorr    .         Harm     .   (gloves unavailable)
MR       .....                  (boots unavailable)
Stlth    +++++.....             v - amulet of rage
HPRegen  1.09/turn              d - ring of stealth
MPRegen  0.12/turn              l - ring of stealth

@: corroded, hasted, very quick
A: large, unfitting armour, claws 3, fast metabolism 3, gourmand, regeneration
1, shaggy fur 1, tough skin 2
a: Evoke Berserk Rage


You were on level 5 of the Lair of Beasts.
You were very full.

You visited 3 branches of the dungeon, and saw 14 of its levels.
You also visited: Sewer and Ossuary.

You collected 560 gold pieces.

Inventory:

Hand Weapons
 q - a +0 hand crossbow of freezing
 t - a +0 blowgun
 K - a +2 whip of flaming
Missiles
 r - 77 bolts
 u - 19 poisoned needles
Armour
 f - a +0 shield
 D - a +2 cloak (worn)
 L - the +2 robe "Zan Wavu" (worn) {rPois Regen+}
   (You found it on level 6 of the Dungeon)

   It protects you from poison.
   It increases your rate of regeneration.
Jewellery
 d - a ring of stealth (left claw)
 l - a ring of stealth (right claw)
 v - an amulet of rage (around neck)
 T - an uncursed ring of protection from fire
Wands
 E - a wand of polymorph (37)
 M - a wand of enslavement (9)
 N - a wand of iceblast (5)
 R - a wand of clouds (4)
Scrolls
 a - a scroll of fog
 c - 4 scrolls of immolation
 e - 10 scrolls of teleportation
 h - a scroll of silence
 i - 2 scrolls of fear
 j - 3 scrolls of amnesia
 y - 5 scrolls of remove curse
 A - a scroll of enchant armour
 B - 2 scrolls of enchant weapon
 J - a scroll of blinking {unknown}
 O - a scroll of identify
Potions
 g - a potion of agility
 k - 2 potions of cancellation
 m - 7 potions of brilliance
 n - 2 potions of flight {unknown}
 o - 3 potions of heal wounds {unknown}
 p - 4 potions of might
 s - 6 potions of curing {unknown}
 w - a potion of resistance
 x - 3 potions of ambrosia {unknown}
 z - 2 potions of lignification {unknown}
 C - 2 potions of haste
 G - a potion of magic
 H - a potion of invisibility
 I - 2 potions of mutation {unknown}
Miscellaneous
 S - a phial of floods
Comestibles
 b - 27 rations


   Skills:
 + Level 7.6 Fighting
 + Level 7.7 Dodging
 + Level 5.6 Stealth
 + Level 7.0 Shields
 * Level 12.4 Unarmed Combat


You had 11 spell levels left.
You didn't know any spells.
Your spell library was empty.

Dungeon Overview and Level Annotations

Branches:
Dungeon (8/15)             Temple (1/1) D:4            Lair (5/6) D:8
  Swamp (0/4) Lair:4        Snake (0/4) Lair:3        Slime (0/5) Lair:5

Altars:
Ashenzari
Cheibriados
Dithmenos
Elyvilon
Fedhas
Gozag
Hepliaklqana
Kikubaaqudgha
Nemelex Xobeh
Okawaru
Qazlal
Ru
Trog
Uskayaw
Vehumet
Wu Jian
Xom
Yredelemnul
Zin
The Shining One
Jiyva

Shops:
D:5 }

Annotations:
D:6 5 runed doors


Innate Abilities, Weirdness & Mutations

You are too large for most types of armour.
You have claws for hands.
Your metabolism is lightning-fast.
You like to eat raw meat.
Your natural rate of healing is unusually fast.
You are covered in fur. (AC +1)
You have very tough skin. (AC +2)


Message History

The splash of acid hits you!
You are splashed with acid!
The acid burns!
The acid blob spits acid at you. The splash of acid hits you!
You are splashed with acid!
The acid burns!
The acid blob spits acid at you. The splash of acid hits you!
You are splashed with acid!
The acid burns!
The acid blob spits acid at you. The splash of acid hits you!
The acid corrodes you!
You are splashed with acid!
The acid burns!
* * * LOW HITPOINT WARNING * * *
The acid blob spits acid at you. The splash of acid misses you.
The acid blob spits acid at you. The splash of acid hits you!
* * * LOW HITPOINT WARNING * * *
You are splashed with acid!
The acid burns!
* * * LOW HITPOINT WARNING * * *
You feel yourself speed up. The acid blob spits acid at you.
The splash of acid hits you!
You die...

##...### #...#
##......# #...#
##......## #...####
#####......#.###...##.#
#..#.........#.###.#...
#..............##..F..
#..............##F##.#
#.#..........F....#####
#...<@......J......#
##P................#
##................#
PP..#.............###
PP.###...........#.#


PPP. #............## .P. ##P........#.# ..# ##......#..## ####..##### You could
see an acid blob and a spiny frog.

Vanquished Creatures
  A catoblepas (Lair:4)
  Nergalle (Lair:4)
  Pikel (D:5)
  4 black mambas
  2 komodo dragons (Lair:3)
  6 spiny frogs
  2 rime drakes
  A queen bee (Lair:3)
  A tyrant leech (Lair:4)
  Grinder (D:6)
  12 blink frogs
  6 hippogriffs
  26 yaks
  2 wraiths (Ossuary)
  4 wyverns
  3 basilisks
  2 nagas (Lair:3)
  Edmund (D:6)
  9 water moccasins
  A hell hound (Lair:5)
  7 porcupines
  Duvessa (D:4)
  A black bear (D:7)
  An ice beast (D:6)
  A phantom (D:5)
  A slave (D:5)
  A necrophage (D:5)
  4 ogres
  5 crocodiles
  3 big kobolds (Sewer)
  4 bullfrogs
  A wyvern zombie (D:8)
  Dowan (D:4)
  4 scorpions
  17 killer bees (Lair:3)
  4 wights (Ossuary)
  2 crimson imps (D:6)
  3 hounds
  2 orc priests (D:5)
  A jelly (D:7)
  An orc wizard (D:5)
  Ijyb (D:5)
  An iguana (D:5)
  4 worker ants
  A killer bee zombie (D:7)
  2 hound zombies
  A hound skeleton (D:8)
  Robin (D:4)
  3 gnolls (D:3)
  A howler monkey skeleton (D:6)
  7 adders
  4 river rats
  A shadow imp (D:5)
  4 oozes
  3 adder zombies
  6 worms
  2 dart slugs
  4 leopard geckos
  12 orcs
  4 giant cockroaches
  19 goblins
  12 hobgoblins
  12 jackals
  27 kobolds
  3 quokkas
  6 ball pythons
  A ball python skeleton (Ossuary)
  11 bats
  6 frilled lizards
  A hobgoblin zombie (Ossuary)
  A kobold zombie (Ossuary)
  2 orc skeletons (Ossuary)
  An orc zombie (Ossuary)
  A quokka skeleton (D:4)
  32 rats
348 creatures vanquished.

Vanquished Creatures (collateral kills)
  A hydra (Lair:4)
  A water moccasin (Lair:4)
  A porcupine (Lair:4)
  A killer bee (Lair:3)
4 creatures vanquished.

Vanquished Creatures (others)
  A slave (D:6)
  A killer bee (Lair:3)
  5 fungi
7 creatures vanquished.

Grand Total: 359 creatures vanquished

Notes
Turn   | Place    | Note
-------+----------+-------------------------------------------
     0 | D:1      | Jerry the Troll Monk began the quest for the Orb.
     0 | D:1      | Reached XP level 1. HP: 22/22 MP: 0/0
   109 | D:1      | Reached XP level 2. HP: 29/29 MP: 1/1
   491 | D:1      | Reached XP level 3. HP: 36/36 MP: 2/2
  1157 | D:2      | Reached XP level 4. HP: 44/44 MP: 3/3
  1923 | D:3      | Reached skill level 4 in Unarmed Combat
  1931 | D:3      | Found a glowing drain.
  1953 | Sewer    | Entered a sewer
  2075 | Sewer    | Reached XP level 5. HP: 50/53 MP: 4/4
  2177 | Sewer    | Reached skill level 1 in Shields
  2273 | Sewer    | Reached XP level 6. HP: 50/61 MP: 5/5
  2339 | Sewer    | Reached skill level 5 in Unarmed Combat
  3260 | D:4      | Noticed Robin
  3264 | D:4      | Reached XP level 7. HP: 67/67 MP: 6/6
  3273 | D:4      | Killed Robin
  3492 | D:4      | Found a hide-covered altar of Uskayaw.
  3498 | D:4      | Noticed Dowan
  3502 | D:4      | Noticed Duvessa
  3512 | D:4      | Killed Duvessa
  3523 | D:4      | Killed Dowan
  3601 | D:4      | Reached skill level 6 in Unarmed Combat
  3637 | D:4      | Found an opulent altar of Gozag.
  3710 | D:4      | Found a staircase to the Ecumenical Temple.
  3730 | Temple   | Entered the Ecumenical Temple
  4281 | D:5      | Entered Level 5 of the Dungeon
  4320 | D:5      | Reached XP level 8. HP: 78/78 MP: 7/7
  4773 | D:5      | Noticed Ijyb
  4780 | D:5      | Killed Ijyb
  4996 | D:5      | Found Atolier's Gadget Shop.
  5279 | D:6      | Noticed Grinder
  5290 | D:6      | Killed Grinder
  5290 | D:6      | Reached skill level 7 in Unarmed Combat
  5353 | D:6      | You fall through a shaft!
  5353 | D:7      | Found a sand-covered staircase.
  5364 | Ossuary  | Entered an ossuary
  5509 | Ossuary  | Noticed a flying skull
  5515 | Ossuary  | Noticed a flying skull
  5530 | Ossuary  | Noticed a flying skull
  5552 | Ossuary  | Reached XP level 9. HP: 58/85 MP: 8/8
  5760 | D:6      | Found a runed door.
  5760 | D:6      | Found a runed gate.
  5765 | D:6      | Noticed Pikel
  5801 | D:5      | Killed Pikel
  5801 | D:5      | Reached skill level 5 in Fighting
  5801 | D:5      | Reached skill level 5 in Dodging
  5801 | D:5      | Reached skill level 8 in Unarmed Combat
  6018 | D:6      | Noticed Edmund
  6025 | D:6      | Killed Edmund
  6059 | D:6      | Found a runed door.
  6063 | D:6      | Found a runed gate.
  6065 | D:6      | Found a runed gate.
  6209 | D:6      | Found the +9 staff of Olgreb {rPois}
  6211 | D:6      | Got an opalescent robe
  6212 | D:6      | Identified the +2 robe "Zan Wavu" {rPois Regen+} (You found
                  | it on level 6 of the Dungeon)
  6999 | D:8      | Found an ornate altar of the Wu Jian Council.
  7178 | D:8      | Found a staircase to the Lair.
  7595 | Lair:1   | Entered Level 1 of the Lair of Beasts
  7646 | Lair:1   | Reached skill level 9 in Unarmed Combat
  7646 | Lair:1   | Reached XP level 10. HP: 71/96 MP: 9/9
  7746 | Lair:1   | Noticed a black mamba
  7823 | D:8      | Killed a black mamba
  7986 | Lair:1   | Reached skill level 5 in Shields
  8124 | Lair:1   | Noticed a spiny frog
  8134 | Lair:1   | Killed a spiny frog
  8134 | Lair:1   | Reached skill level 10 in Unarmed Combat
  8816 | Lair:2   | Reached XP level 11. HP: 82/105 MP: 10/10
  9955 | Lair:3   | Found a staircase to the Snake Pit.
  9980 | Lair:3   | Reached skill level 11 in Unarmed Combat
 10408 | Lair:3   | Reached skill level 5 in Stealth
 10830 | Lair:4   | Noticed Nergalle
 10845 | Lair:4   | Killed Nergalle
 10990 | Lair:4   | Found a staircase to the Swamp.
 10994 | Lair:4   | Noticed a six-headed hydra
 11373 | Lair:4   | Reached XP level 12. HP: 92/118 MP: 11/11
 11502 | Lair:5   | Noticed a catoblepas
 11586 | Lair:4   | Reached skill level 12 in Unarmed Combat
 11659 | Lair:4   | Killed a catoblepas
 11801 | Lair:4   | Killed a six-headed hydra
 12203 | Lair:5   | Noticed a six-headed hydra
 12255 | Lair:5   | Noticed an eight-headed hydra
 12346 | Lair:5   | Found a runed door.
 12346 | Lair:5   | Found a viscous altar of Jiyva.
 12346 | Lair:5   | Found a staircase to the Slime Pits.
 12346 | Lair:5   | Noticed an acid blob
 12346 | Lair:5   | Noticed an acid blob
 12367 | Lair:5   | HP: 2/118 [acid (9)]
 12644 | Lair:5   | HP: 3/119 [acid (17)]
 12647 | Lair:5   | Killed from afar by an acid blob

Skill      XL: |  1  2  3  4  5  6  7  8  9 10 11 12 |
---------------+-------------------------------------+-----
Unarmed Combat | 4 5 6 7 9 10 11 12 | 12.4
Fighting       | 3 4 5 6 7 |  7.6
Dodging        | 3 4 5 6 7 |  7.7
Shields        | 1 2 3 4 5 6 7 |  7.0
Stealth        | 2 3 4 5 |  5.6

Action                   |  1- 3 |  4- 6 |  7- 9 | 10-12 || total
-------------------------+-------+-------+-------+-------++-------
Melee: Unarmed           |   122 |   259 |   333 |   434 ||  1148
       Punch             |     1 |     4 |     8 |    28 ||    41
Evoke: Wand              |       |       |       |     1 ||     1
  Use: Scroll            |       |     7 |     7 |    13 ||    27
       Potion            |       |       |       |     5 ||     5
 Stab: Sleeping          |    13 |    12 |    35 |    20 ||    80
       Distracted        |       |     2 |       |     2 ||     4
       Confused          |       |       |       |     4 ||     4
       Petrified         |       |       |       |     1 ||     1
  Eat: Chunk             |    16 |    20 |    35 |    50 ||   121
Armor: Robe              |    48 |    99 |    73 |   105 ||   325
Dodge: Dodged            |    52 |   198 |   145 |   257 ||   652
